cohdb
Replays
Latest Replays
All Replays
Popular Replays
Top Player Replays
Match Explorer
How It Works
Community
CoH3 Stats
Reddit
Sign in to upload your games and track your stats! →
Sign in with Steam
Match 47469801
Unlisted
Match 47469801
Overview
Messages
Build Orders
End
Selects Italian Infantry
Panzerpioneer Squad
250 Light Carrier
Panzerpioneer Squad
Construct Light Support Kompanie
Panzerpioneer Squad
Fire Support Elements
Panzerjäger Squad
le.IG 18 Support Gun Team
Pak 38 Anti-tank Gun Team
Kradschützen Motorcycle Team
Panzerpioneer Squad
Panzerpioneer Squad
Drink||Chouchen
Graouw
Drink||PiconBiere
Gray
kamacura
Jerking Hans
0
0
Comments
sign in to comment!
No comments posted yet!